 Dungeon Crawl Stone Soup version 0.20.1-1-g8b1a95d (webtiles) character file.

79923 letownia2 the Severer (level 15, 116/134 HPs)
             Began as a Deep Dwarf Necromancer on Dec 19, 2017.
             Was an Initiate of Gozag.
             Quit the game in a treasure trove.
             The game lasted 01:54:57 (29648 turns).

letownia2 the Severer (Deep Dwarf Necromancer)     Turns: 29648, Time: 01:54:58

Health: 116/134    AC: 14    Str: 22    XL:     15   Next: 22%
Magic:  25/25      EV: 13    Int: 24    God:    Gozag
Gold:   1157       SH:  4    Dex: 15    Spells: 1/28 levels left

rFire    . . .     SeeInvis .   a - +2 battleaxe (freeze)
rCold    . . .     Gourm    .   (shield currently unavailable)
rNeg     + + .     Faith    .   r - +2 scale mail {rPois}
rPois    +         Spirit   .   Y - +1 helmet
rElec    +         Reflect  .   (no cloak)
rCorr    .         Harm     .   F - +1 pair of gloves "Qerig" {rElec rN+ Str+3 Dex+2}
MR       ++...                  (no boots)
Stlth    +.........             (no amulet)
Regen    0.0/turn               b - +3 ring of strength
MPRegen  0.2/turn               K - +6 ring of intelligence

@: non-regenerating
A: damage resistance, heal wounds, large bone plates 1, negative energy
resistance 1, sense surroundings 2, sturdy frame 1, no regeneration
a: Heal Wounds, Potion Petition, Call Merchant, Bribe Branch, Renounce Religion


You were in a treasure trove.
You worshipped Gozag.
Gozag was most pleased with you.
You were not hungry.

You visited 3 branches of the dungeon, and saw 19 of its levels.
You visited the Abyss 1 time.
You also visited: Trove and Ice Cave.

You collected 8779 gold pieces.
You spent 1156 gold pieces at shops.
You paid 6466 gold pieces to Gozag.

Inventory:

Hand Weapons
 a - a +2 battleaxe of freezing (weapon)
 x - a +1 war axe of flaming
 Z - a +9 blowgun
Missiles
 n - 4 curare-tipped needles
Armour
 r - a +2 scale mail of poison resistance (worn)
 F - the +1 pair of gloves "Qerig" (worn) {rElec rN+ Str+3 Dex+2}
   (You found it on level 7 of the Dungeon)

   It affects your strength (+3).
   It affects your dexterity (+2).
   It insulates you from electricity.
   It protects you from negative energy.
 Y - a +1 helmet (worn)
Magical Staves
 d - an uncursed staff of power
Jewellery
 b - a +3 ring of strength (left hand)
 K - a +6 ring of intelligence (right hand)
Wands
 s - a wand of scattershot (0/9)
 C - a wand of confusion (30/48)
 G - a wand of acid (9/15)
 L - a wand of polymorph (10/24)
 T - a wand of digging (10/24)
Scrolls
 j - 2 scrolls of fog
 k - a scroll of identify
 y - 5 scrolls of magic mapping
 z - 6 scrolls of teleportation
 B - 4 scrolls of immolation
 E - a scroll of vulnerability {unknown}
 H - 3 scrolls of remove curse
 I - 4 scrolls of recharging
 W - a scroll of torment {unknown}
Potions
 e - a potion of experience {unknown}
 f - 15 potions of curing
 h - 7 potions of resistance
 i - a potion of lignification
 l - 3 potions of mutation
 m - 2 potions of haste
 p - 9 potions of heal wounds
 q - 2 potions of cancellation
 J - 3 potions of agility
 O - 3 potions of might
 Q - 3 potions of flight
 R - 2 potions of brilliance
Miscellaneous
 D - a fan of gales
 S - a phantom mirror
Comestibles
 c - 13 bread rations


   Skills:
 - Level 8.9 Fighting
 + Level 16.9 Axes
 - Level 7.6 Armour
 - Level 5.0 Dodging
 - Level 4.1 Stealth
 - Level 7.3 Spellcasting
 - Level 3.7 Conjurations
 - Level 2.1 Hexes
 - Level 13.6 Necromancy
 - Level 3.8 Fire Magic
 - Level 4.4 Air Magic
 - Level 2.1 Poison Magic
 - Level 6.0 Evocations


You had one spell level left.
You knew the following spells:

 Your Spells              Type           Power        Failure   Level  Hunger
a - Pain                  Necr           ####         1%          1    None
b - Flame Tongue          Conj/Fire      ####.        2%          1    None
c - Conjure Flame         Conj/Fire      ####....     8%          3    None
d - Dispel Undead         Necr           ######..     1%          5    #####..
e - Mephitic Cloud        Conj/Pois/Air  ####....     9%          3    None
g - Agony                 Necr           ######..     1%          5    #####..
q - Poisonous Vapours     Pois/Air       ###...       4%          2    None
v - Vampiric Draining     Necr           ######....   1%          3    None
x - Inner Flame           Hex/Fire       ###.....     11%         3    None
z - Summon Butterflies    Summ           #.......     12%         1    None


Dungeon Overview and Level Annotations

Branches:
Dungeon (11/15)            Temple (0/1) D:7            Lair (6/6) D:11
  Swamp (0/4) Lair:2        Snake (0/4) Lair:2          Orc (2/2) D:9
    Elf (0/3) Orc:2
  Slime: Lair:5-6

Altars:
Cheibriados
Gozag
Makhleb
Okawaru
Ru
Trog
Vehumet
Xom

Shops:
D:5 %   D:6 [   D:8 :   Orc:2 }:=**[*   Lair:2 [[(([[   Lair:5 *

Annotations:
D:3 letownia2's ghost, weakling DDNe
D:4 kalagan's ghost, novice GrEE
D:8 buskinjo's ghost, novice OpFi
D:9 exclusion: yak


Innate Abilities, Weirdness & Mutations

You are resistant to damage.
You can heal yourself by infusing magical energy.
You resist negative energy. (rN+)
You passively map the area around you.
You do not regenerate.
You are partially covered in large bone plates. (SH +4)
Your movements are slightly less encumbered by armour. (ER -2)


Message History

You open the door.
There is an open door here.
f - 12 potions of curing (gained 2)
p - 9 potions of heal wounds (gained 2)
There is an open door here.
You open the door.
There is an open door here.
f - 13 potions of curing (gained 1)
f - 15 potions of curing (gained 2)
There is an open door here.
You open the door.
There is an open door here.
l - 3 potions of mutation (gained 1)
e - a fuming silvery potion Unknown command.
Unknown command.
Put on which piece of jewellery? (? for menu, Esc to quit)
Okay, then.
Okay, then.
Are you sure you want to abandon this character and quit the game? (Confirm with "yes".)

####.####
#.#
####.####
#..'.'..#
####.####
#.# #'#
#.# #@#
###


There were no monsters in sight!

Vanquished Creatures
  A frost giant (IceCv)
  2 orc warlords
  Snorg (Orc:2)
  Josephine (Orc:1)
  4 ogre magi (Orc:2)
  4 hydras
  16 two-headed ogres (Orc:2)
  A shock serpent (Orc:2)
  8 starcursed masses (Abyss:1)
  An ugly thing (D:11)
  A cyclops (shapeshifter) (Abyss:1)
  6 orc knights
  3 orc sorcerers
  A wolf spider (Lair:6)
  A cyclops (D:11)
  3 elephants (Lair:3)
  An ice statue (IceCv)
  4 black mambas (Lair:6)
  A gargoyle (D:10)
  7 spiny frogs
  4 rime drakes
  7 komodo dragons
  9 trolls
  23 polar bears
  7 dream sheep (Lair:6)
  A hornet (D:11)
  6 raiju
  9 blink frogs
  7 hippogriffs
  A vampire (D:10)
  A ynoxinul (Abyss:1)
  64 yaks
  6 wraiths
  5 basilisks
  11 wargs
  3 nagas (Lair:2)
  4 water moccasins
  A soldier ant (D:10)
  13 hell hounds (Lair:6)
  11 porcupines
  30 orc warriors
  A hornet zombie (D:10)
  12 black bears
  3 ice beasts
  3 sky beasts
  A necrophage (D:8)
  A phantom (D:11)
  39 wolves
  8 centaurs
  9 crocodiles
  30 ogres
  4 small abominations (Abyss:1)
  4 big kobolds
  18 bullfrogs
  A wyvern skeleton (D:11)
  2 scorpions
  6 wights
  3 electric eels (D:9)
  2 howler monkeys (D:8)
  4 crimson imps
  A quasit (D:10)
  A bullfrog skeleton (D:4)
  A centaur zombie (D:8)
  2 hounds
  2 centaur skeletons
  3 jellies
  14 orc wizards
  15 orc priests
  8 worker ants
  2 iguanas
  2 hound skeletons
  A worker ant zombie (D:9)
  A gnoll (D:6)
  A howler monkey skeleton (D:8)
  12 adders
  2 shadow imps
  A white imp (Abyss:1)
  An ooze (D:2)
  An adder skeleton (D:4)
  An adder zombie (D:7)
  2 worms
  3 dart slugs
  4 leopard geckos
  87 orcs
  10 bats
  7 giant cockroaches
  14 goblins
  7 hobgoblins
  5 jackals
  26 kobolds
  A quokka (D:4)
  A ball python (D:5)
  A ball python zombie (D:5)
  8 frilled lizards
  A leopard gecko skeleton (D:4)
  7 rats
697 creatures vanquished.

Vanquished Creatures (collateral kills)
  A black bear (Lair:6)
1 creature vanquished.

Vanquished Creatures (others)
  A yak (Lair:5)
  A warg (Lair:6)
  An orc wizard (D:9)
  6 fungi
  15 plants
  4 toadstools (D:1)
28 creatures vanquished.

Grand Total: 726 creatures vanquished

Notes
Turn   | Place    | Note
-------+----------+-------------------------------------------
     0 | D:1      | letownia2 the Deep Dwarf Necromancer began the quest for the Orb.
     0 | D:1      | Reached XP level 1. HP: 15/15 MP: 3/3
   392 | D:2      | Reached XP level 2. HP: 22/22 MP: 1/5
   774 | D:4      | Reached skill level 5 in Necromancy
   774 | D:4      | Reached XP level 3. HP: 28/28 MP: 1/6
   779 | D:4      | Learned a level 3 spell: Vampiric Draining
   823 | D:4      | Noticed kalagan's ghost (novice GrEE)
  1109 | D:4      | Reached XP level 4. HP: 30/36 MP: 8/8
  1647 | D:3      | Found an opulent altar of Gozag.
  1682 | D:3      | Became a worshipper of Gozag Ym Sagoz the Greedy
  1762 | D:3      | Noticed letownia2's ghost (weakling DDNe)
  1774 | D:2      | Found a sacrificial altar of Ru.
  1777 | D:2      | Found a shimmering altar of Xom.
  1865 | D:2      | Reached XP level 5. HP: 21/42 MP: 5/9
  3355 | D:4      | Reached XP level 6. HP: 37/49 MP: 6/10
  3398 | D:5      | Entered Level 5 of the Dungeon
  3674 | D:5      | Noticed an ice beast
  3822 | D:5      | Killed an ice beast
  4275 | D:5      | Found Bepteval's Food Shoppe.
  4289 | D:5      | Reached XP level 7. HP: 18/55 MP: 1/12
  4460 | D:6      | Found Xuaryk's Armour Shoppe.
  4473 | D:6      | Found a bloodstained altar of Trog.
  5003 | D:6      | Found an iron altar of Okawaru.
  5329 | D:7      | Reached skill level 5 in Spellcasting
  5337 | D:7      | Found a radiant altar of Vehumet.
  5455 | D:7      | Learned a level 3 spell: Conjure Flame
  5457 | D:7      | Learned a level 1 spell: Flame Tongue
  5464 | D:7      | Learned a level 3 spell: Inner Flame
  5632 | D:7      | Reached XP level 8. HP: 54/63 MP: 16/16
  5825 | D:7      | Reached skill level 1 in Fighting
  6136 | D:7      | Found a staircase to the Ecumenical Temple.
  6218 | D:7      | Got a pair of encrusted gloves
  6224 | D:7      | Identified the +1 pair of gloves "Qerig" {rElec rN+ Str+3 Dex+2} (You found it on level 7 of the Dungeon)
  6240 | D:8      | Found a burning altar of Makhleb.
  6240 | D:8      | Noticed a balrug
  6323 | D:8      | Noticed buskinjo's ghost (novice OpFi)
  6874 | D:8      | Found Oqestelu's Book Boutique.
  7206 | D:8      | Reached skill level 10 in Necromancy
  7206 | D:8      | Gained mutation: You passively map the area around you. [Deep Dwarf growth]
  7206 | D:8      | Reached XP level 9. HP: 59/75 MP: 6/19
  8912 | D:9      | Found a staircase to the Orcish Mines.
  8931 | D:9      | Learned a level 2 spell: Poisonous Vapours
  8935 | D:9      | Learned a level 3 spell: Mephitic Cloud
  8978 | D:10     | Entered Level 10 of the Dungeon
  9336 | D:10     | Reached skill level 1 in Fire Magic
  9336 | D:10     | Reached skill level 1 in Poison Magic
  9336 | D:10     | Reached skill level 1 in Evocations
  9727 | D:10     | Reached skill level 1 in Conjurations
  9727 | D:10     | Reached skill level 1 in Hexes
  9880 | D:10     | Reached skill level 1 in Air Magic
  9909 | D:10     | Reached XP level 10. HP: 50/84 MP: 9/20
 10051 | D:10     | Learned a level 1 spell: Summon Butterflies
 10053 | D:11     | Noticed a green ugly thing
 10137 | D:11     | Killed a brown ugly thing
 10310 | D:11     | Found a snail-covered altar of Cheibriados.
 10800 | D:11     | Noticed a cyclops
 10825 | D:11     | Killed a cyclops
 10971 | D:11     | Found a staircase to the Lair.
 11210 | D:11     | Gained mutation: Your spells are a little easier to cast, but a little less powerful. [potion of mutation]
 11210 | D:11     | Gained mutation: You have large cloven feet. [potion of mutation]
 11212 | D:11     | HP: 3/84 [warg (9)]
 11234 | D:11     | Reached skill level 5 in Evocations
 11468 | D:11     | Found a portal to a secret trove of treasure.
 11864 | D:10     | Lost mutation: Your spells are a little easier to cast, but a little less powerful. [potion of mutation]
 11864 | D:10     | Lost mutation: You have large cloven feet. [potion of mutation]
 11864 | D:10     | Gained mutation: Your movements are slightly less encumbered by armour. (ER -2) [potion of mutation]
 11864 | D:10     | Gained mutation: You are partially covered in large bone plates. (SH +4) [potion of mutation]
 11950 | D:11     | Got a warped robe
 12057 | Orc:1    | Entered Level 1 of the Orcish Mines
 12255 | Lair:1   | Entered Level 1 of the Lair of Beasts
 12415 | Lair:1   | Reached skill level 1 in Armour
 12415 | Lair:1   | Reached XP level 11. HP: 86/90 MP: 9/21
 12947 | Lair:2   | Found a staircase to the Snake Pit.
 13011 | Lair:2   | Noticed a seven-headed hydra
 13023 | Lair:2   | Killed a seven-headed hydra
 13023 | Lair:2   | Reached skill level 2 in Axes
 13457 | Lair:2   | Reached skill level 3 in Axes
 13621 | Orc:2    | Entered Level 2 of the Orcish Mines
 13645 | Orc:2    | Noticed a two-headed ogre
 13667 | Orc:2    | Noticed Snorg
 13677 | Orc:2    | Killed Snorg
 13677 | Orc:2    | Reached skill level 4 in Axes
 13680 | Orc:2    | Killed a two-headed ogre
 13845 | Orc:2    | Found a frozen archway.
 13851 | Orc:2    | Reached skill level 5 in Axes
 13889 | Orc:2    | Found Zoemuzif's General Store.
 13947 | Orc:2    | Reached skill level 5 in Fighting
 13985 | Orc:2    | Found a staircase to the Elven Halls.
 13996 | Orc:2    | Found Opaulu's Jewellery Shoppe.
 14024 | Orc:2    | Found Rekuewk's Antique Armour Boutique.
 14061 | Orc:2    | Noticed a two-headed ogre
 14076 | Orc:2    | Noticed an ogre mage
 14102 | IceCv    | Entered an ice cave
 14288 | IceCv    | Reached skill level 6 in Axes
 14429 | IceCv    | Reached skill level 7 in Axes
 14473 | IceCv    | Reached XP level 12. HP: 97/103 MP: 11/22
 14862 | IceCv    | Reached skill level 8 in Axes
 15825 | IceCv    | Reached skill level 9 in Axes
 16211 | IceCv    | Reached skill level 10 in Axes
 16357 | IceCv    | Noticed a frost giant
 16396 | IceCv    | Killed a frost giant
 16536 | IceCv    | Reached skill level 5 in Dodging
 16938 | Orc:2    | Killed a two-headed ogre
 16938 | Orc:2    | Reached skill level 5 in Armour
 16939 | Orc:2    | Killed an ogre mage
 16985 | Orc:2    | Noticed a two-headed ogre
 16986 | Orc:2    | Noticed a two-headed ogre
 17047 | Orc:2    | Noticed a two-headed ogre
 17070 | Orc:2    | Killed a two-headed ogre
 17086 | Orc:2    | Noticed an ogre mage
 17096 | Orc:2    | Killed an ogre mage
 17110 | Orc:2    | Killed a two-headed ogre
 17435 | Lair:1   | Noticed a five-headed hydra
 17456 | Lair:1   | Killed a five-headed hydra
 17456 | Lair:1   | Reached XP level 13. HP: 48/115 MP: 2/23
 18142 | Lair:4   | Identified the cursed +1 robe of the Morning Star {rPois rCorr Str-3 Int+5} (You took it off a kobold on level 11 of the Dungeon)
 18432 | Lair:5   | Bought a black potion for 24 gold pieces
 18436 | Lair:6   | Entered Level 6 of the Lair of Beasts
 18677 | Lair:6   | Reached skill level 11 in Axes
 19312 | Lair:6   | Reached skill level 12 in Axes
 19896 | Lair:6   | Reached skill level 13 in Axes
 20567 | Lair:6   | Gained mutation: You resist negative energy. (rN+) [Deep Dwarf growth]
 20567 | Lair:6   | Reached XP level 14. HP: 56/127 MP: 2/24
 21382 | Orc:2    | Reached skill level 14 in Axes
 22669 | Orc:2    | Found Ycaotiar's General Store.
 22669 | Orc:2    | Found Othrunwur's General Store.
 22679 | Orc:2    | Noticed Nessos
 22680 | Orc:2    | Found Pigychiu's Book Boutique.
 22680 | Orc:2    | Found Nuopuidd's Gadget Shoppe.
 22699 | Orc:2    | Noticed Nessos
 22699 | Orc:2    | Nessos changed into Nessos the shock serpent
 22707 | Orc:2    | Killed Nessos the shock serpent
 22707 | Orc:2    | Reached skill level 15 in Axes
 22963 | Orc:2    | Bought a scroll of enchant weapon for 82 gold pieces
 23477 | Orc:1    | Noticed Josephine
 23505 | Orc:1    | Killed Josephine
 23987 | Orc:1    | Cast into level 1 of the Abyss (orc warrior)
 24026 | Abyss:1  | Noticed a starcursed mass
 24092 | Abyss:1  | Noticed a starcursed mass
 24233 | Abyss:1  | Noticed a starcursed mass
 24266 | Abyss:1  | Reached skill level 16 in Axes
 24522 | Orc:1    | Escaped the Abyss
 24679 | Orc:1    | Noticed an orc warlord
 26694 | Orc:2    | Killed an orc warlord
 26694 | Orc:2    | Reached XP level 15. HP: 53/134 MP: 1/25
 26755 | Orc:1    | Paralysed by an orc sorcerer for 2 turns
 27141 | Orc:1    | Noticed an orc warlord
 27587 | Lair:2   | Found a staircase to the Swamp.
 28143 | Orc:1    | Killed an orc warlord
 29260 | D:8      | Bought a book of Death for 1050 gold pieces
 29407 | Lair:2   | Learned a level 5 spell: Dispel Undead
 29421 | Lair:2   | Learned a level 5 spell: Agony
 29576 | D:11     | You paid a toll of a book of Death to enter a treasure trove
 29577 | Trove    | Entered a treasure trove
 29648 | Trove    | Quit the game

Skill      XL: |  1  2  3  4  5  6  7  8  9 10 11 12 13 14 |
---------------+-------------------------------------------+-----
Spellcasting   | 2 3 5 6 7 |  7.3
Necromancy     | 5 7 8 10 11 13 | 13.6
Fighting       | 3 5 7 8 |  8.9
Fire Magic     | 1 3 |  3.8
Poison Magic   | 1 2 |  2.1
Evocations     | 1 5 6 |  6.0
Conjurations   | 1 3 |  3.7
Hexes          | 1 2 |  2.1
Air Magic      | 1 3 4 |  4.4
Armour         | 1 2 6 7 |  7.6
Axes           | 7 10 13 16 | 16.9
Dodging        | 5 |  5.0
Stealth        | 4 |  4.1

Action                   |  1- 3 |  4- 6 |  7- 9 | 10-12 | 13-15 || total
-------------------------+-------+-------+-------+-------+-------++-------
Melee: Dagger            |    11 |    23 |       |       |       ||    34
       Trident           |       |    67 |   255 |   318 |   936 ||  1576
       Whip              |       |       |    46 |    55 |       ||   101
       Morningstar       |       |       |    24 |   115 |       ||   139
       Kick              |       |       |       |    10 |       ||    10
       Battleaxe         |       |       |       |       |   179 ||   179
       Staff             |       |       |       |       |     3 ||     3
Throw: Throwing net      |       |       |     1 |     1 |       ||     2
       Javelin           |       |       |       |     1 |     2 ||     3
 Cast: Pain              |    28 |   121 |   114 |    17 |     4 ||   284
       Vampiric Draining |       |    21 |    80 |   175 |   390 ||   666
       Flame Tongue      |       |       |    19 |    69 |    42 ||   130
       Conjure Flame     |       |       |     7 |    57 |    50 ||   114
       Mephitic Cloud    |       |       |       |    20 |    72 ||    92
       Poisonous Vapours |       |       |       |    12 |    14 ||    26
Invok: Potion Petition   |       |       |       |     1 |       ||     1
       Call Merchant     |       |       |       |     3 |     4 ||     7
Evoke: Wand              |       |       |    24 |    34 |    18 ||    76
       Fan of gales      |       |       |       |     1 |       ||     1
  Use: Scroll            |       |       |    13 |    11 |     7 ||    31
       Potion            |       |       |     2 |     5 |     3 ||    10
 Stab: Sleeping          |       |     1 |     1 |       |       ||     2
       Distracted        |       |       |     1 |     4 |     9 ||    14
       Confused          |       |       |       |    12 |    41 ||    53
  Eat: Chunk             |     1 |     2 |       |       |       ||     3
       Royal jelly       |       |     5 |     1 |     1 |     2 ||     9
       Fruit             |       |       |     3 |     6 |       ||     9
       Meat ration       |       |       |     3 |     4 |     7 ||    14
       Bread ration      |       |       |       |       |     1 ||     1
Armor: Leather armour    |       |     4 |       |       |       ||     4
       Ring mail         |       |    41 |   200 |   245 |   216 ||   702
       Scale mail        |       |       |       |       |   125 ||   125
       Chain mail        |       |       |       |       |     1 ||     1
Dodge: Dodged            |     7 |    63 |   279 |   387 |   726 ||  1462
Block: Buckler           |       |     3 |    11 |       |       ||    14
       Other             |       |       |       |    76 |   173 ||   249
